Map: Galactic Process LE

Players

Vazagho

  • Race: Protoss Protoss
  • League: Gold
  • Spawn Location: 1:00

Fropez - Winner!

  • Race: Protoss Protoss
  • League: Gold
  • Spawn Location: 7:00

VOD

Have the link to the VOD?

Description

Time

  • Played on: Oct. 28, 2016, 12:49 p.m.
  • Length: 15:42
Show
View Real Time Build Order
Export as new Build Order

Vazagho Protoss 

Build Orders: Cannon Rush 

Get SALT Encoding   

  12  0:02  Probe (Chrono Boost)  
  13  0:28  Pylon  
  13  0:31  Probe (Chrono Boost)  
  14  0:42  Probe (Chrono Boost)  
  15  0:47  Forge  
  15  0:52  Probe (Chrono Boost)  
  16  1:10  Pylon  
  16  1:22  Pylon  
  16  1:39  Photon Cannon  
  16  1:43  Photon Cannon  
  16  1:45  Photon Cannon  
  16  1:57  Pylon  
  16  2:06  Pylon  
  16  2:12  Photon Cannon  
  16  2:13  Photon Cannon  
  16  2:20  Photon Cannon  
  16  2:30  Photon Cannon  
  16  2:45  Photon Cannon  
  16  2:52  Photon Cannon  
  16  3:04  Photon Cannon  
  16  3:19  Gateway  
  16  3:22  Gateway  
  16  3:46  Photon Cannon  
  16  4:10  Assimilator  
  16  4:16  Pylon  
  16  4:18  Pylon  
  16  4:22  Assimilator  
  16  4:34  Pylon  
  16  4:45  Cybernetics Core  
  16  4:53  Photon Cannon  
  16  5:07  Photon Cannon  
  16  5:10  Pylon  
  16  5:15  Pylon  
  16  5:24  Stalker  
  18  5:35  Photon Cannon  
  18  5:38  Probe (Chrono Boost)  
  19  5:49  Probe (Chrono Boost)  
  19  5:56  Photon Cannon  
  19  6:08  Stalker (Chrono Boost)  
  23  6:19  Stalker (Chrono Boost)  
  23  6:36  Stalker (Chrono Boost)  
  25  6:41  Twilight Council  
  25  7:10  Stalker (Chrono Boost)  
  25  7:12  Stalker (Chrono Boost)  
  29  7:26  Blink (Chrono Boost)  
  29  7:37  Gateway  
  27  8:13  Stalker (Chrono Boost)  
  27  8:16  Stalker (Chrono Boost)  
  27  8:27  Stalker (Chrono Boost)  
  31  8:44  Stalker (Chrono Boost)  
  31  8:46  Stalker (Chrono Boost)  
  33  8:54  Stalker (Chrono Boost)  
  33  9:25  Stalker (Chrono Boost)  
  33  9:29  Stalker (Chrono Boost)  
  33  9:30  Stalker (Chrono Boost)  
  39  9:39  Pylon  
  39  9:42  Photon Cannon  
  25  10:27  Stalker (Chrono Boost)  
  28  10:29  Stalker (Chrono Boost)  
  28  10:45  Stalker (Chrono Boost)  
  34  10:57  Stalker (Chrono Boost)  
  34  11:00  Stalker (Chrono Boost)  
  34  11:13  Photon Cannon  
  34  11:23  Stalker (Chrono Boost)  
  34  11:25  Stalker (Chrono Boost)  
  40  11:29  Stalker (Chrono Boost)  
  40  12:29  Dark Shrine  
  40  12:42  Photon Cannon  
  40  12:49  Photon Cannon  
  40  13:40  Robotics Facility  
  40  13:47  Dark Templar (Chrono Boost)  
  46  13:51  Dark Templar (Chrono Boost)  
  46  13:52  Dark Templar (Chrono Boost)  
Show
View Real Time Build Order
Export as new Build Order

Fropez Protoss - Winner!

Build Orders:  

Get SALT Encoding   

  12  0:01  Probe (Chrono Boost)  
  13  0:13  Probe (Chrono Boost)  
  14  0:19  Pylon  
  14  0:23  Probe (Chrono Boost)  
  15  0:38  Probe (Chrono Boost)  
  15  0:41  Gateway  
  16  0:48  Probe (Chrono Boost)  
  17  0:59  Probe (Chrono Boost)  
  17  1:03  Pylon  
  18  1:05  Assimilator  
  18  1:09  Probe (Chrono Boost)  
  19  1:20  Probe (Chrono Boost)  
  20  1:30  Probe (Chrono Boost)  
  21  1:41  Probe (Chrono Boost)  
  22  1:49  Cybernetics Core  
  22  1:50  Zealot (Chrono Boost)  
  22  1:51  Probe  
  25  1:56  Assimilator  
  25  2:03  Probe  
  25  2:17  Pylon  
  25  2:28  Gateway  
  25  2:39  Probe  
  23  2:54  Mothership Core  
  25  3:05  Nexus  
  24  3:07  Pylon  
  19  3:37  Forge  
  18  4:20  Cybernetics Core  
  16  4:45  Assimilator  
  16  4:59  Gateway, Warp Gate (Chrono Boost)  
  16  5:04  Protoss Ground Weapons Level 1 (Chrono Boost)  
  16  5:07  Probe  
  16  5:09  Assimilator  
  17  5:19  Probe  
  18  5:24  Gateway  
  18  5:27  Pylon, Photon Cannon  
  18  5:31  Probe  
  19  5:43  Probe  
  19  5:46  Gateway  
  19  5:49  Adept  
  22  5:55  Probe  
  23  6:07  Probe  
  24  6:17  Robotics Facility  
  24  6:19  Pylon  
  24  6:20  Probe  
  25  6:33  Probe  
  26  6:44  Nexus  
  26  6:49  Pylon  
  24  7:06  Immortal (Chrono Boost)  
  28  7:10  Stalker  
  30  7:19  Photon Cannon  
  30  7:26  Stalker  
  30  7:28  Stalker  
  34  7:44  Stalker  
  34  7:47  Immortal (Chrono Boost)  
  40  7:56  Probe  
  40  7:57  Probe  
  40  8:14  Stalker x3  
  46  8:29  Protoss Ground Armor Level 1  
  46  8:31  Immortal (Chrono Boost)  
  46  8:33  Probe  
  50  8:34  Probe  
  52  8:41  Stalker  
  54  8:50  Stalker  
  44  9:16  Stalker x2  
  44  9:17  Stalker  
  38  9:25  Gateway  
  38  9:27  Assimilator  
  38  9:29  Pylon, Gateway  
  42  9:38  Immortal (Chrono Boost)  
  42  9:49  Stalker x3  
  44  10:03  Probe  
  44  10:05  Probe  
  42  10:18  Stalker x2  
  42  10:19  Stalker  
  48  10:34  Stalker x2  
  52  10:36  Immortal (Chrono Boost)  
  56  10:58  Nexus  
  56  11:00  Pylon, Stalker x2  
  60  11:06  Protoss Shields Level 1 (Chrono Boost)  
  60  11:26  Stalker x3  
  66  11:39  Stalker  
  68  11:40  Stalker  
  68  11:45  Assimilator  
  70  11:48  Probe  
  70  11:51  Observer  
  70  12:11  Warp Prism  
  72  12:15  Probe  
  72  12:17  Probe  
  72  12:20  Probe  
  75  12:25  Adept x2  
  75  12:26  Adept x3  
  84  12:53  Adept x4  
  92  13:25  Pylon, Probe  
  93  13:29  Pylon  
  93  13:32  Pylon  
  93  13:34  Pylon x2  
  93  13:41  Probe x2  
  93  13:43  Immortal  
  99  13:54  Adept x2  
  99  13:55  Adept x3  
  109  14:03  Gateway  
  109  14:06  Gateway  
  109  14:08  Pylon  
  109  14:10  Pylon  
  109  14:26  Observer  
  110  14:34  Probe  
  110  14:35  Probe  
  110  14:37  Twilight Council  
  112  14:39  Assimilator  
  112  14:43  Assimilator  
Tags
 
League
GoldGold
Matchup
PvP
Replay Pack
All Mines
Spawn Locations
Cross Positions
Add a new tag
Caveats
  • Supply blocks, unpowered buildings, or Contaminate may cause inaccurate times.
  • Supply counts are checked every 10 seconds.